 Dungeon Crawl Stone Soup version 0.21.0-3-g78d12a8 (webtiles) character file.

151 JeffiDaFish the Shooter (level 5, -2/27 HPs)
             Began as a Spriggan Hunter on Jan 17, 2018.
             Killed from afar by an orc wizard (5 damage)
             ... with a magic dart
             ... on level 3 of the Dungeon.
             The game lasted 00:05:41 (2231 turns).

JeffiDaFish the Shooter (Spriggan Hunter)           Turns: 2231, Time: 00:05:42

Health: -2/27      AC:  2    Str:  8    XL:     5   Next: 11%
Magic:  6/6        EV: 19    Int: 12    God:
Gold:   112        SH:  0    Dex: 18    Spells: 4/4 levels left

rFire    . . .     SeeInvis +   a - +2 shortbow
rCold    . . .     Gourm    .   (shield currently unavailable)
rNeg     . . .     Faith    .   c - +0 robe
rPois    +         Spirit   .   (helmet restricted)
rElec    .         Reflect  .   (no cloak)
rCorr    .         Harm     .   (gloves unavailable)
MR       .....                  (boots unavailable)
Stlth    ++........             (no amulet)
HPRegen  0.09/turn              (no ring)
MPRegen  0.10/turn              (no ring)

@: very quick
A: very small, unfitting armour, horns 1, talons 1, see invisible, herbivore,
speed 3, poison resistance, slow metabolism 2
a: no special abilities


You were on level 3 of the Dungeon.
You were not hungry.

You visited 1 branch of the dungeon, and saw 3 of its levels.

You collected 112 gold pieces.

Inventory:

Hand Weapons
 a - a +2 shortbow (weapon)
 b - a +0 short sword
Missiles
 d - 57 arrows (quivered)
Armour
 c - a +0 robe (worn)
Comestibles
 f - 3 rations


   Skills:
 + Level 2.3 Fighting
 + Level 1.0 Short Blades
 + Level 6.7 Bows
 + Level 3.7 Dodging
 + Level 2.3 Stealth


You had 4 spell levels left.
You didn't know any spells.

Dungeon Overview and Level Annotations

Branches:
Dungeon (3/15)

Altars:
Ashenzari
Ru
The Shining One

Annotations:
D:3 dakvas's ghost, amateur HOFi


Innate Abilities, Weirdness & Mutations

You are very small and have problems with some larger weapons.
You are too small for most types of armour.
You have supernaturally acute eyesight. (SInv)
You are a herbivore.
You cover ground extremely quickly.
You need consume almost no food.
You have a pair of small horns on your head.
You have sharp toenails.
Your system is resistant to poisons. (rPois)


Message History

Firing (i - inventory):
d - 57 arrows (quivered)
Press: ? - help, Shift-Dir - straight line, f/p - dakvas's ghost
Aim: dakvas's ghost (severely damaged)
You shoot an arrow.
The arrow hits dakvas's ghost but does no damage.
Dakvas's ghost is severely damaged.
The orc wizard hits you with a dagger. Dakvas's ghost hits you!
* * * LOW HITPOINT WARNING * * *
You aren't carrying any potions.
You aren't carrying any spellbooks or scrolls.
The orc wizard barely misses you.
The orc wizard casts a spell.
The orc wizard blinks!
d - 57 arrows (gained 1)
You see here an arrow.
Found a stone staircase leading down.
The orc shouts!
The orc wizard casts a spell at you. The magic dart hits you!
You die...

##(....#..=...#.#...
#......o......#.#.#
##.....#.(##..#...###
##o.ยง##((.(.(..>...#.##
##.###.####...........
#.# #(# #.#o..###.#
####.###(####.##..#
......W.(.o.o.##..###.#
.###.##.########@.....#
#.##.# #'###### #.##.#
... ..##.# ..... .##..#
....... .. ..# .........
#. ... +.........'
#.........##


You could see an orc wizard.

Vanquished Creatures
  Natasha (twice) (D:2)
  3 adders
  2 oozes (D:2)
  A worm (D:3)
  A dart slug (D:2)
  A leopard gecko (D:1)
  An orc (D:3)
  3 ball pythons
  9 bats (D:1)
  3 giant cockroaches
  5 goblins (D:1)
  9 hobgoblins
  2 quokkas (D:2)
  7 frilled lizards
  10 kobolds
  2 rats
61 creatures vanquished.

Notes
Turn   | Place    | Note
-------+----------+-------------------------------------------
     0 | D:1      | JeffiDaFish the Spriggan Hunter began the quest for the Orb.
     0 | D:1      | Reached XP level 1. HP: 10/10 MP: 2/2
    26 | D:1      | Reached skill level 5 in Bows
    89 | D:1      | Reached XP level 2. HP: 12/15 MP: 3/3
   726 | D:1      | Reached XP level 3. HP: 18/18 MP: 4/4
   951 | D:2      | Found a sacrificial altar of Ru.
  1485 | D:2      | Noticed Natasha
  1509 | D:2      | Killed Natasha
  1509 | D:2      | Reached skill level 6 in Bows
  1509 | D:2      | Reached XP level 4. HP: 17/23 MP: 5/5
  1584 | D:2      | Found a glowing golden altar of the Shining One.
  1590 | D:2      | Gained mutation: You have a pair of small horns on your head. [potion of mutation]
  1590 | D:2      | Gained mutation: Your system is resistant to poisons. (rPois) [potion of mutation]
  1590 | D:2      | Gained mutation: You have sharp toenails. [potion of mutation]
  1647 | D:2      | Found a faded altar of an unknown god.
  1691 | D:2      | Found a shattered altar of Ashenzari.
  1698 | D:2      | Noticed Natasha
  1705 | D:2      | Killed Natasha
  1730 | D:2      | Reached skill level 1 in Short Blades
  2142 | D:3      | Reached XP level 5. HP: 26/26 MP: 6/6
  2196 | D:3      | Noticed dakvas's ghost (amateur HOFi)
  2231 | D:3      | Killed from afar by an orc wizard

Skill      XL: |  1  2  3  4 |
---------------+-------------+-----
Bows           | 5 6 |  6.7
Stealth        | 2 |  2.3
Fighting       | 2 |  2.3
Short Blades   | 1 |  1.0
Dodging        | |  3.7

Action                   |  1- 3 |  4- 6 || total
-------------------------+-------+-------++-------
Melee: Short sword       |    51 |       ||    51
 Fire: Shortbow          |   119 |    57 ||   176
  Use: Scroll            |     1 |     2 ||     3
       Potion            |       |     2 ||     2
 Stab: Sleeping          |     2 |       ||     2
Armor: Robe              |    14 |     1 ||    15
Dodge: Dodged            |   110 |    14 ||   124
